 Dungeon Crawl Stone Soup version 0.19.4 (webtiles) character file.

196 JeffiDaFish the Sneak (level 5, -5/25 HPs)
             Began as a Vine Stalker Enchanter on Feb 4, 2017.
             Killed from afar by an orc wizard (6 damage)
             ... with a puff of frost
             ... on level 4 of the Dungeon.
             The game lasted 00:09:35 (2560 turns).

JeffiDaFish the Sneak (Vine Stalker Enchanter)      Turns: 2560, Time: 00:09:37

Health: -5/25      AC:  4    Str: 11    XL:     5   Next: 75%
Magic:  0/10       EV: 11    Int: 15    God:
Gold:   282        SH:  0    Dex: 19    Spells: 3 memorised, 3 levels left

rFire  . . .     SeeInvis .     a - +1 dagger
rCold  . . .     Gourm    .     j - +1 robe {MR+}
rNeg   . . .     Faith    .     (no shield)
rPois  .         Spirit   +     (no helmet)
rElec  .         Reflect  .     k - +0 cloak (curse)
rCorr  .         Harm     .     (no gloves)
MR     +....                    (no boots)
Stlth  +++.......               (no amulet)
                                h - ring of wizardry
                                i - +4 ring of dexterity

@: heavily drained
A: fangs 2, regeneration 1, magic shield, antimagic bite, no device heal 3, rot
immunity
a: no special abilities


You were on level 4 of the Dungeon.
You were very hungry.

You visited 1 branch of the dungeon, and saw 4 of its levels.

You collected 282 gold pieces.

Inventory:

Hand Weapons
 a - a +1 dagger (weapon)
Armour
 j - a +1 robe of magic resistance (worn)
 k - a cursed +0 cloak (worn)
Jewellery
 h - a ring of wizardry (right hand)
 i - a +4 ring of dexterity (left hand)
Scrolls
 e - 2 scrolls of identify
 g - 3 scrolls of remove curse
Potions
 m - a potion of curing
Books
 c - a book of Maledictions

   Spells                             Type                      Level
   a - Corona                         Hexes                        1
   b - Ensorcelled Hibernation        Hexes/Ice                    2
   c - Confuse                        Hexes                        3
   d - Tukima's Dance                 Hexes                        3
   e - Dazzling Spray                 Conjuration/Hexes            3
Comestibles
 b - a meat ration
 d - 5 bread rations
 l - a royal jelly
 n - a slice of pizza


   Skills:
 + Level 0.3(0.0) Fighting
 + Level 1.6(0.0) Short Blades
 + Level 1.9(0.1) Dodging
 * Level 6.1(4.1) Stealth
 * Level 2.8(0.9) Spellcasting
 * Level 3.4(1.5) Hexes
 * Level 1.2(0.0) Ice Magic


You had 3 spell levels left.
You knew the following spells:

 Your Spells              Type           Power        Failure   Level  Hunger
a - Corona                Hex            #......      6%          1    ##.....
b - Ensorcelled Hibernat  Hex/Ice        #.....       12%         2    ###....
c - Confuse               Hex            #.......     19%         3    ####...


Dungeon Overview and Level Annotations

Branches:
Dungeon (4/15)
 Temple: D:4-7

Altars:
The Shining One

Annotations:
D:3 Krim's ghost, weakling TeGl
D:4 Menkaure


Innate Abilities, Weirdness & Mutations

You have extremely sharp teeth.
Your natural rate of healing is unusually fast.
When hurt, damage is shared between your health and your magic reserves.
Your bite disrupts and absorbs the magic of your enemies.
Potions and wands cannot restore your health.
You are immune to rotting.


Message History

The orc wizard gestures at you while chanting.
The magic dart hits you!
* * * LOW HITPOINT WARNING * * *
You hit something but do no damage. The orc wizard closely misses you.
The orc wizard hits you but does no damage.
Something hits you but does no damage.
You feel drained. The orc wizard closely misses you.
You miss something. You bite something. You drain its magic.
You feel invigorated.
The orc wizard hits you but does no damage. x2
Something hits you but does no damage.
You feel drained. The orc wizard hits you with a dagger.
You hit something.
Reactivating autopickup.
You feel a bit more experienced. The orc wizard barely misses you.
The orc wizard hits you with a dagger.
* * * LOW HITPOINT WARNING * * *
The orc wizard gestures at you while chanting.
The puff of frost hits you!
You die...

..#.=.....................#......
..#..................####+##.....
..#..o...............##...##.....
..'......o................##.....
#...o...................'......
#......##...##..........#......
#......##...##..........#......
#.......#.o{##.o...###..#######
#.......#...##@#######..###....
.'.......#...oo)...........#....
..#.....<.#.................#....
..#......##...##............#....
#######............#....
#..................'....
#..................#....
#..................#....
####################....


You could see 3 orc wizards.

Vanquished Creatures
  A crimson imp (D:4)
  An iguana (D:4)
  An orc wizard (D:4)
  A worker ant (D:4)
  2 adders (D:2)
  3 oozes
  3 worms
  2 dart slugs (D:2)
  2 leopard geckos (D:2)
  A giant cockroach (D:2)
  10 hobgoblins
  A quokka (D:4)
  6 bats
  7 goblins
  A goblin skeleton (D:4)
  2 goblin zombies (D:4)
  2 hobgoblin zombies (D:4)
  6 kobolds
  A kobold zombie (D:4)
  3 orc skeletons (D:4)
  An orc zombie (D:4)
  6 rats
63 creatures vanquished.

Notes
Turn   | Place    | Note
-------+----------+-------------------------------------------
     0 | D:1      | JeffiDaFish the Vine Stalker Enchanter began the quest for the Orb.
     0 | D:1      | Reached XP level 1. HP: 9/9 MP: 4/4
   211 | D:1      | Reached skill level 4 in Stealth
   227 | D:1      | Reached XP level 2. HP: 13/13 MP: 6/6
   238 | D:1      | Learned a level 2 spell: Ensorcelled Hibernation
   748 | D:1      | Reached skill level 1 in Short Blades
   895 | D:2      | Reached XP level 3. HP: 16/16 MP: 4/7
   935 | D:2      | Gained mutation: You tend to lose your temper in combat. [potion of mutation]
   935 | D:2      | Gained mutation: Scrolls take you a little longer to read. [potion of mutation]
  1321 | D:2      | Lost mutation: Scrolls take you a little longer to read. [potion of cure mutation]
  1321 | D:2      | Lost mutation: You tend to lose your temper in combat. [potion of cure mutation]
  1419 | D:2      | Learned a level 3 spell: Confuse
  1478 | D:2      | Reached skill level 5 in Stealth
  1478 | D:2      | Gained mutation: Your natural rate of healing is unusually fast. [Vine Stalker growth]
  1478 | D:2      | Reached XP level 4. HP: 20/21 MP: 3/8
  1584 | D:2      | Reached skill level 1 in Ice Magic
  1903 | D:3      | Noticed Krim's ghost (weakling TeGl)
  1950 | D:4      | Reached XP level 5. HP: 24/24 MP: 7/10
  2020 | D:4      | Found a glowing golden altar of the Shining One.
  2083 | D:4      | Reached skill level 6 in Stealth
  2534 | D:4      | Noticed Menkaure
  2560 | D:4      | HP: 1/25 [orc wizard/dagger (3)]
  2560 | D:4      | Killed from afar by an orc wizard

Skill      XL: |  1  2  3  4  5 |
---------------+----------------+-----
Stealth        | 4 5 6 |  6.1
Short Blades   | 1 |  1.6
Ice Magic      | 1 |  1.2
Fighting       | |  0.3
Dodging        | |  1.9
Spellcasting   | |  2.8
Hexes          | |  3.4

Action                   |  1- 3 |  4- 6 || total
-------------------------+-------+-------++-------
Melee: Dagger            |    68 |   118 ||   186
       Bite              |    11 |    40 ||    51
 Cast: Ensorcelled Hiber |    16 |     9 ||    25
       Corona            |     1 |       ||     1
       Confuse           |       |     3 ||     3
  Use: Scroll            |     3 |     1 ||     4
       Potion            |     4 |     1 ||     5
 Stab: Sleeping          |    19 |    10 ||    29
       Confused          |       |     2 ||     2
  Eat: Chunk             |     3 |     3 ||     6
Armor: Robe              |    10 |    37 ||    47
Dodge: Dodged            |    41 |    54 ||    95
